 Dungeon Crawl Stone Soup version 0.27-a0-1438-g9b7c6745da (webtiles) character file.

Game seed: 4594734197774668356

2 Gargoyl the Skirmisher (level 1, 0/23 HPs)
             Began as a Gnoll Abyssal Knight on July 4, 2021.
             Was an Initiate of Lugonu.
             Slain by a kobold (1 damage)
             ... on level 1 of the Dungeon.
             The game lasted 00:00:25 (157 turns).

Gargoyl the Skirmisher (Gnoll Abyssal Knight)        Turns: 157, Time: 00:00:25

Health: 0/23       AC:  3    Str: 11    XL:     1   Next: 40%
Magic:  3/3        EV: 11    Int: 11    God:    Lugonu [......]
Gold:   27         SH:  0    Dex: 11    Spells: 0/0 levels left

rFire    . . .     SeeInvis .   c - +1 long sword (drain)
rCold    . . .     Faith    .   (no shield)
rNeg     . . .     Spirit   .   b - +0 leather armour
rPois    .         Reflect  .   (no helmet)
rElec    .         Harm     .   (no cloak)
rCorr    .         Rampage  .   (no gloves)
Will     .....                  (no boots)
Stlth    +.........             (no amulet)
HPRegen  0.07/turn              (no ring)
MPRegen  0.08/turn              (no ring)

@: no status effects
A: fangs 1, strong nose, distributed training
a: Renounce Religion


You were on level 1 of the Dungeon.
You worshipped Lugonu.
Lugonu was noncommittal.
You visited 1 branch of the dungeon, and saw 1 of its levels.
You visited the Abyss 1 time.

You collected 27 gold pieces.

Inventory:

Hand Weapons
 a - a +1 hand axe
 c - a +1 long sword of draining (weapon)
Armour
 b - a +0 leather armour (worn)
 d - a +0 ring mail


   Skills:
 + Level 6.4 Fighting
 + Level 0.0 Short Blades
 + Level 0.0 Long Blades
 + Level 4.4 Axes
 + Level 0.0 Maces & Flails
 + Level 0.0 Polearms
 + Level 0.0 Staves
 + Level 0.0 Slings
 + Level 0.0 Bows
 + Level 0.0 Crossbows
 + Level 0.0 Throwing
 + Level 4.4 Armour
 + Level 2.3 Dodging
 + Level 0.0 Stealth
 + Level 0.0 Shields
 + Level 0.0 Unarmed Combat
 + Level 0.0 Spellcasting
 + Level 0.0 Conjurations
 + Level 0.0 Hexes
 + Level 0.0 Summonings
 + Level 0.0 Necromancy
 + Level 0.0 Translocations
 + Level 0.0 Transmutations
 + Level 0.0 Fire Magic
 + Level 0.0 Ice Magic
 + Level 0.0 Air Magic
 + Level 0.0 Earth Magic
 + Level 0.0 Poison Magic
 + Level 4.4 Invocations
 + Level 0.0 Evocations


You couldn't memorise any spells.
You didn't know any spells.
Your spell library was empty.

Dungeon Overview and Level Annotations

Branches:
Dungeon (1/15)

Altars:


Innate Abilities, Weirdness & Mutations

You have very sharp teeth.
Your uncanny sense of smell can sniff out nearby items.
Your experience applies equally to all skills.


Message History

You see here a +0 ring mail.
d - a +0 ring mail The jackal barely misses you.
The jackal bites you but does no damage.
You closely miss the jackal. The jackal bites you.
The jackal bites you but does no damage.
The jackal closely misses you.
You slash the jackal!
You kill the jackal!
Lugonu accepts your kill. The jackal bites you. The jackal bites you. x2
The jackal bites you but does no damage.
The kobold hits you with a +0 dagger.
The jackal bites you but does no damage.
You closely miss the jackal.
The jackal bites you. x2; The jackal misses you.
You riposte.
You hit the jackal.
The jackal is heavily wounded.
The kobold hits you with a +0 dagger. The jackal misses you.
The jackal bites you.
* * * LOW HITPOINT WARNING * * *
The jackal closely misses you.
You riposte.
You hit the jackal but do no damage.
The jackal is heavily wounded.
You barely miss the jackal.
The jackal is heavily wounded.
The jackal bites you.
* * * LOW HITPOINT WARNING * * *
The jackal bites you.
* * * LOW HITPOINT WARNING * * *
The kobold closely misses you.
You riposte.
You miss the kobold. The jackal completely misses you.
You riposte.
You slash the jackal!
You kill the jackal!
Lugonu accepts your kill. The jackal misses you. The jackal bites you.
* * * LOW HITPOINT WARNING * * *
The kobold hits you but does no damage.
You aren't carrying any potions.
The jackal closely misses you. The kobold hits you with a +0 dagger.
You die...

##### ##### ##### #...#
#...# #...# . #.>.#
#...# #.♣.#
....###...###...###...#
......................#
................h...<.#
...............@h.....#
....###...###..K###...#
... #.>.# #...# #.♣.#
.. #...# #...# #...# #
##### ##### #####


You could see 2 jackals and a kobold.

Vanquished Creatures
  2 jackals (D:1)
2 creatures vanquished.

Notes
Turn   | Place    | Note
-------+----------+-------------------------------------------
     0 | Abyss:1  | Gargoyl the Gnoll Abyssal Knight began the quest for the
                  | Orb.
     0 | Abyss:1  | Reached XP level 1. HP: 23/23 MP: 3/3
    79 | Abyss:1  | Noticed a quasit
   109 | Abyss:2  | Noticed a smoke demon
   112 | D:1      | Escaped the Abyss
   156 | D:1      | HP: 1/23 [jackal (2)]
   157 | D:1      | Slain by a kobold

Illustrated notes

Levels and vault maps discovered:
D:1:      minmay_arrival_hallway, layout_rooms

Action                   || total
-------------------------++-------
Melee: Long sword        ||     4
Invok: Depart the Abyss  ||     1
Armor: Leather armour    ||     5
Dodge: Dodged            ||    10
       Rpst.: Long sword ||     4

Table legend: (Time is in decaauts)
 A = Elapsed time spent in this place.
 B = Non-inter-level travel time spent in this place.
 C = Inter-level travel time spent in this place.
 D = Time resting spent in this place.
 E = Time spent auto-exploring this place.
 F = Levels seen in this place.
 G = Mean time per level.
                   A        B        C        D        E       F      G
               +--------+--------+--------+--------+--------+-----+--------+
         Total |    157 |    157 |      0 |      0 |    107 |   3 |   52.3 |
       Dungeon |     45 |     45 |      0 |      0 |     23 |   1 |   45.0 |
         Abyss |    111 |    111 |      0 |      0 |     84 |   2 |   55.5 |
               +--------+--------+--------+--------+--------+-----+--------+

Top non-repeatable levels by time:
 Abyss:1: 94 daAuts
     D:1: 45 daAuts
 Abyss:2: 17 daAuts
